 Dungeon Crawl Stone Soup version 0.28-a0-312-gbced6e68ee (webtiles) character file.

Game seed: 4700628902084268808

191 AarnesTheHuman the Chiller (level 5, -8/39 HPs)
             Began as a Barachi Ice Elementalist on Aug 31, 2021.
             Mangled by Menkaure (16 damage)
             ... on level 3 of the Dungeon.
             The game lasted 00:16:11 (4406 turns).

AarnesTheHuman the Chiller (BaIE)                   Turns: 4406, Time: 00:16:12

Health: -8/39      AC:  3    Str: 11    XL:     5   Next: 70%
Magic:  9/9        EV: 11    Int: 15    God:
Gold:   110        SH:  0    Dex: 12    Spells: 9/10 levels left

rFire   . . .      SeeInvis .   n - +1 dagger (flame)
rCold   . . .      Faith    .   (no shield)
rNeg    . . .      Spirit   .   e - +0 leather armour
rPois   .          Reflect  .   (no helmet)
rElec   .          Harm     .   (no cloak)
rCorr   .          Rampage  .   (no gloves)
Will    .....                   (no boots)
Stlth   ++........              (no amulet)
HPRegen 0.13/turn               (no ring)
MPRegen 0.11/turn               (no ring)

@: slow
A: amphibious, slowness 1, strong legs 1, +LOS
a: Hop


You were on level 3 of the Dungeon.
You visited 1 branch of the dungeon, and saw 4 of its levels.

You collected 110 gold pieces.

Inventory:

Hand Weapons
 i - a +0 rapier
 l - a +0 quarterstaff
 n - a +1 dagger of flaming (weapon)
 o - a +0 antimagic hand axe
 p - a +1 short sword of holy wrath
Missiles
 j - 80 stones (quivered)
 q - 4 boomerangs
Armour
 a - a +0 robe
 e - a +0 leather armour (worn)
Scrolls
 b - a scroll of immolation {unknown}
 d - a scroll of fear {unknown}
 f - 4 scrolls of identify {unknown}
 g - 2 scrolls of teleportation {unknown}
 h - 2 scrolls of enchant weapon {unknown}
 k - a scroll of summoning {unknown}
 m - a scroll of magic mapping {unknown}


   Skills:
 + Level 2.6 Fighting
 + Level 2.5 Armour
 - Level 2.1 Dodging
 - Level 1.7 Stealth
 + Level 3.2 Spellcasting
 * Level 6.3 Ice Magic


You had 9 spell levels left.
You knew the following spells:

 Your Spells              Type           Power      Damage    Failure   Level
a - Freeze                Ice            84%        1d10      1%          1

Your spell library contained the following spells:

 Spells                   Type           Power      Damage    Failure   Level
 Frozen Ramparts          Ice            42%        1d6       5%          3
 Ozocubu's Armour         Ice            21%        N/A       5%          3
 Hailstorm                Conj/Ice       11%        3d5       56%         4
 Portal Projectile        Hex/Tloc       4%         N/A       61%         3
 Blade Hands              Tmut           1%         N/A       100%        5
 Excruciating Wounds      Necr           1%         N/A       100%        5


Dungeon Overview and Level Annotations

Branches:
Dungeon (4/15)
 Temple: D:4-7

Altars:
Trog

Shops:
D:1 =   D:3 [

Annotations:
D:1 exclusion: downstairs
D:3 Menkaure


Innate Abilities, Weirdness & Mutations

You are amphibious.
You cover ground slowly.
You can hop short distances.
You have an extended range of vision and can be seen from far away.


Message History

There is a stone staircase leading down here.
You closely miss Menkaure.
Menkaure is moderately damaged.
Menkaure hits you!
Press: ? - help, v - describe, . - travel
Here: Menkaure (moderately damaged)
The floor.
You hit Menkaure but do no damage.
Menkaure is moderately damaged.
Menkaure hits you but does no damage.
You hit Menkaure. You burn Menkaure.
Menkaure is moderately damaged.
Unknown command.
You barely miss Menkaure.
Menkaure is moderately damaged.
Menkaure hits you.
You completely miss Menkaure.
Menkaure is moderately damaged.
Menkaure hits you.
You completely miss Menkaure.
Menkaure is moderately damaged.
Menkaure barely misses you.
You barely miss Menkaure.
Menkaure is moderately damaged.
Menkaure calls on the powers of darkness!
Your body is wracked with pain!
You hit Menkaure. You burn Menkaure.
Menkaure is heavily damaged.
You hit Menkaure. You burn Menkaure.
Menkaure is heavily damaged.
Menkaure casts a spell.
Menkaure seems to speed up.
You hit Menkaure but do no damage.
Menkaure is heavily damaged.
Menkaure hits you.
* * * LOW HITPOINT WARNING * * *
You hit Menkaure but do no damage.
Menkaure is heavily damaged.
Menkaure hits you!
You die...

### #..###########.#
..#######..###########.#
#.##................##.#
.............######.##.#
#................##.##.#
#.#######.....##.##.##.#
#.# #.....##.##.##.# #.#
#..#.###.##..#.# #.###
#..#.###@###.#.#
....#####..#.##.M.#....#
....................#..#
#.#.########.##...#...##
#.#†# #.....###.###.##
#.#.# #.#######.# #.#
..#.####.........###.#
..........######.....#
###.####..# #.#####


You could see Menkaure (fast).

Vanquished Creatures
  A bullfrog (D:3)
  3 adders
  2 gnolls
  A worm (D:2)
  4 dart slugs
  2 orcs (D:3)
  7 bats
  6 endoplasms
  2 giant cockroaches
  8 hobgoblins
  4 jackals (D:3)
  4 quokkas
  3 ball pythons
  5 frilled lizards
  9 goblins
  5 kobolds
  4 rats
70 creatures vanquished.

Notes
Turn   | Place    | Note
-------+----------+-------------------------------------------
     0 | D:1      | AarnesTheHuman the Barachi Ice Elementalist began the quest
                  | for the Orb.
     0 | D:1      | Reached XP level 1. HP: 13/13 MP: 3/3
    68 | D:1      | Found Olennelo's Jewellery Emporium.
   139 | D:1      | Reached skill level 5 in Ice Magic
   185 | D:1      | Reached XP level 2. HP: 16/20 MP: 3/5
   263 | D:1      | Reached skill level 1 in Fighting
   691 | D:1      | Reached skill level 1 in Armour
   691 | D:1      | Reached XP level 3. HP: 19/26 MP: 1/6
  1758 | D:2      | Found a faded altar of an unknown god.
  2269 | D:2      | Reached XP level 4. HP: 32/32 MP: 5/8
  3172 | D:3      | Found a bloodstained altar of Trog.
  3690 | D:3      | Noticed a bullfrog
  3694 | D:3      | Killed a bullfrog
  3695 | D:3      | Reached skill level 6 in Ice Magic
  3695 | D:3      | Reached XP level 5. HP: 23/39 MP: 5/9
  3875 | D:3      | Found Wiriocid's Antique Armour Shop.
  4390 | D:4      | Noticed Menkaure
  4406 | D:3      | Mangled by Menkaure

Illustrated notes

Levels and vault maps discovered:
D:1:      dpeg_arrival_radiant, layout_basic, serial_shops, nicolae_shop_crystal
D:2:      layout_basic, basic_ecumenical_altar
D:3:      layout_loops_ring, trog_antimagical, serial_shops, nicolae_square_shop
D:4:      minmay_door_path, layout_cave_pods, jmf_multi_god_temple,
          lightli_minifort, uniq_ijyb, uniq_edmund, uniq_menkaure, uniq_grinder

Skill      XL: |  1  2  3  4 |
---------------+-------------+-----
Ice Magic      | 5 6 |  6.3
Fighting       | 1 2 |  2.6
Armour         | 1 2 |  2.5
Spellcasting   | 3 |  3.2
Dodging        | |  2.1
Stealth        | |  1.7

Action                   |  1- 3 |  4- 6 || total
-------------------------+-------+-------++-------
Melee: Dagger            |    25 |    60 ||    85
       Unarmed           |     2 |       ||     2
Throw: Stone             |       |     4 ||     4
 Cast: Freeze            |    50 |    42 ||    92
 Abil: Hop               |       |     1 ||     1
  Use: Potion            |       |     1 ||     1
 Stab: Sleeping          |     5 |     2 ||     7
Armor: Robe              |     3 |       ||     3
       Leather armour    |    11 |    19 ||    30
Dodge: Dodged            |    31 |    50 ||    81

Table legend: (Time is in decaauts)
 A = Elapsed time spent in this place.
 B = Non-inter-level travel time spent in this place.
 C = Inter-level travel time spent in this place.
 D = Time resting spent in this place.
 E = Time spent auto-exploring this place.
 F = Levels seen in this place.
 G = Mean time per level.
                   A        B        C        D        E       F      G
               +--------+--------+--------+--------+--------+-----+--------+
         Total |   4945 |   4792 |    153 |   1057 |   2572 |   4 | 1236.2 |
       Dungeon |   4945 |   4792 |    153 |   1057 |   2572 |   4 | 1236.2 |
               +--------+--------+--------+--------+--------+-----+--------+

Top non-repeatable levels by time:
     D:2: 2077 daAuts
     D:1: 1522 daAuts
     D:3: 1341 daAuts
     D:4: 5 daAuts
